Get step-by-step instructions on how to execute this build order below. Start the game timer, and the build order will tick by so you can play in parallel with StarCraft on a second screen or mobile device.

Game Time

  0:00

Last Step

  N/A

Next Step

Upcoming Step



Don't want to look back and forth between 2 screens? Try out our Overwolf App, the Spawning Tool Build Advisor to get an in-game overlay with this build!

Complete Build Order

  12  0:00  Drone  
  13  0:12  Overlord  
  13  0:16  Drone  
  14  0:30  Drone x2  
  16  0:47  Hatchery  
  15  0:51  Drone  
  15  0:54  Drone  
  17  0:57  Drone  
  18  1:08  Extractor  
  17  1:13  Spawning Pool  
  17  1:15  Drone  
  17  1:19  Drone  
  18  1:27  Drone  
  19  1:38  Drone  
  20  1:48  Overlord  
  20  1:59  Queen x2  
  20  2:00  Zergling x4  
  26  2:10  Drone x2  
  28  2:20  Drone  
  28  2:22  Drone  
  30  2:26  Spore Crawler  
  30  2:29  Spore Crawler  
  28  2:31  Metabolic Boost  
  28  2:35  Drone  
  30  2:39  Hatchery  
  30  2:41  Drone  
  30  2:44  Drone  
  32  2:48  Overlord  
  32  2:55  Queen  
  32  2:57  Drone  
  35  2:59  Drone  
  36  3:06  Queen  
  36  3:08  Drone  
  36  3:09  Drone  
  40  3:13  Overlord  
  40  3:15  Drone  
  40  3:18  Drone  
  40  3:19  Drone  
  43  3:23  Drone  
  44  3:30  Queen, Overlord  
  44  3:33  Drone  
  47  3:35  Drone  
  48  3:42  Queen  
  48  3:44  Drone  
  48  3:46  Drone  
  52  3:51  Drone, Queen  
  52  3:55  Overlord  
  55  3:57  Drone  
  55  4:02  Drone  
  57  4:03  Drone x2  
  57  4:04  Drone  
  57  4:06  Queen  
  57  4:08  Overlord  
  62  4:10  Drone  
  62  4:13  Drone x2  
  62  4:15  Drone x2  
  67  4:21  Lair  
  67  4:23  Zergling x6  
  70  4:24  Zergling x2  
  70  4:27  Overlord  
  70  4:30  Extractor  
  70  4:31  Zergling x4  
  72  4:32  Drone  
  73  4:39  Overlord  
  73  4:40  Drone  
  73  4:43  Overlord  
  73  4:44  Queen  
  76  4:45  Drone x2  
  76  4:46  Drone  
  76  4:48  Drone  
  76  4:50  Drone x2  
  76  4:52  Overlord  
  82  4:54  Spore Crawler  
  82  4:56  Spore Crawler  
  82  4:57  Spore Crawler  
  82  4:58  Zergling x2  
  82  4:59  Zergling x2  
  81  5:03  Drone x3  
  84  5:11  Drone x3  
  87  5:17  Drone x3  
  90  5:23  Overseer  
  90  5:26  Overlord  
  90  5:27  Drone x3  
  93  5:29  Queen  
  93  5:31  Zergling x4  
  96  5:36  Overlord  
  96  5:38  Drone x2  
  96  5:42  Drone x3  
  97  5:47  Extractor, Drone, Evolution Chamber  
  97  5:49  Hatchery  
  95  5:50  Drone  
  95  5:51  Baneling Nest, Evolution Chamber  
  95  5:53  Drone, Queen, Extractor  
  95  5:54  Extractor  
  95  5:56  Drone x3  
  98  6:00  Overlord  
  98  6:02  Drone x2  
  100  6:04  Extractor  
  100  6:10  Zergling x6  
  100  6:11  Zergling x2  
  103  6:13  Overlord  
  103  6:18  Zerg Melee Weapons Level 1  
  103  6:24  Drone x2  
  105  6:27  Drone, Hydralisk Den  
  105  6:30  Spore Crawler  
  105  6:31  Drone  
  105  6:32  Drone x4  
  109  6:33  Drone  
  109  6:35  Zergling x4  
  109  6:38  Zerg Missile Weapons Level 1, Centrifugal Hooks  
  111  6:40  Baneling x3  
  111  6:41  Baneling x4  
  111  6:45  Zergling x6  
  114  6:49  Zergling x6  
  114  6:51  Zergling x2  
  114  6:52  Overlord  
  117  6:54  Zergling x2  
  117  6:55  Zergling x2  
  117  6:57  Overlord  
  117  7:00  Muscular Augments  
  119  7:04  Hydralisk  
  119  7:05  Hydralisk x6  
  132  7:11  Hydralisk  
  132  7:14  Baneling x5  
  127  7:17  Hydralisk x3  
  127  7:18  Zergling x6  
  129  7:24  Overlord  
  129  7:26  Hydralisk  
  129  7:29  Overseer  
  131  7:34  Hydralisk x2  
  131  7:36  Overlord  
  135  7:38  Zergling x2  
  135  7:39  Overlord  
  135  7:42  Hydralisk x4  
  135  7:43  Zergling x2, Queen  
  138  7:46  Overlord  
  127  7:53  Hydralisk x2  
  127  7:54  Zergling x4  
  127  7:57  Baneling x5  
  127  8:00  Zergling x4  
  127  8:04  Zergling x2, Hydralisk  
  127  8:05  Queen  
  129  8:07  Hydralisk  
  116  8:13  Hydralisk x2  
  116  8:17  Hydralisk x2  
  116  8:18  Zergling x6  
  125  8:21  Hydralisk  
  125  8:22  Overseer  
  125  8:23  Hydralisk  
  125  8:26  Hydralisk  
  117  8:30  Hydralisk  
  117  8:32  Zergling x2  
  109  8:36  Hydralisk  
  109  8:37  Queen  
  109  8:39  Hydralisk x2  
  113  8:44  Zergling x2  
  113  8:46  Zergling x14  
  121  8:49  Baneling x6  
  121  8:51  Zergling x2  
  121  8:54  Hatchery  
  121  8:55  Zergling x2, Hydralisk x2  
  121  8:59  Hydralisk  
  121  9:00  Zergling x6  
  123  9:05  Zergling x2  
  123  9:06  Zergling x2  
  123  9:09  Hydralisk x2  
  127  9:15  Zergling x6, Hydralisk x3  
  127  9:16  Zergling x2  
  130  9:17  Drone  
  130  9:19  Drone  
  129  9:28  Drone x5  
  129  9:29  Spore Crawler  
  129  9:30  Overlord  
  133  9:32  Zerg Missile Weapons Level 2  
  133  9:34  Zerg Melee Weapons Level 2  
  133  9:45  Baneling  
  133  9:46  Zergling x6, Baneling x3  
  133  9:47  Overlord x4  
  136  9:55  Hydralisk x2  
  136  9:56  Zergling x4  
  136  9:58  Overlord  
  140  10:06  Zergling x12  
  140  10:07  Queen  
  140  10:12  Zergling x4  
  140  10:13  Hydralisk x2  
  134  10:15  Queen  
  134  10:17  Drone x3  
  139  10:26  Drone x5  
  139  10:27  Drone x2  
  146  10:32  Drone x3  
  146  10:33  Drone  
  146  10:34  Hydralisk  
  146  10:35  Infestation Pit  
  151  10:37  Baneling x6  
  151  10:42  Zergling x8  
  153  10:44  Baneling x4  
  153  10:45  Baneling, Queen  
  153  10:49  Zergling x4, Spore Crawler  
  156  10:51  Zergling x10  
  161  11:01  Zergling x14  
  167  11:08  Zergling x2, Hydralisk  
  167  11:10  Queen, Overlord x2  
  172  11:17  Baneling x2  
  172  11:21  Zergling x10, Hatchery  
  172  11:22  Zergling x6  
  172  11:25  Overlord  
  172  11:40  Zergling x2  
  172  11:41  Zergling x16